[Event "USA-ch Junior Girls 2019"]
[Site "Saint Louis"]
[Date "2019.07.11"]
[Round "1.2"]
[White "Li, Rachael"]
[Black "Bykovtsev, Agata"]
[Result "0-1"]
[ECO "A00"]
[WhiteElo "1736"]
[BlackElo "2012"]
[Annotator "NA"]
[PlyCount "80"]
[EventDate "2019.07.09"]
[EventType "tourn"]
[EventCountry "USA"]
[SourceTitle "playchess.com"]
[Source "ChessBase"]
[SourceQuality "1"]
[TimeControl "40/5400+30:1800+30"]

1. a3 Nf6 2. Nf3 d6 3. d4 g6 4. c4 Bg7 5. Nc3 O-O 6. e3 Nbd7 7. Bd3 e5 8. O-O Nh5 9. dxe5 dxe5 10. e4 Nc5 11. Bc2 Ne6 12. Qxd8 Rxd8 13. Be3 Nd4 14. Bxd4 exd4 15. Nd5 d3 16. Nxc7 dxc2 17. Nxa8 Bxb2 18. Rae1 Be6 19. Re2 c1=Q 20. Rxc1 Bxc1 21. Re1 Bf4 22. g3 Rxa8 23. gxf4 Nxf4 24. c5 Rc8 25. Nd4 Bc4 26. c6 bxc6 27. e5 c5 28. Nf3 Bd5 29. Nd2 c4 30. Nb1 c3 31. Nxc3 Rxc3 32. h4 Rh3 33. f3 Rg3+ 34. Kf2 Rxf3+ 35. Kg1 Rxa3 36. Rb1 Ra2 37. Kf1 Bc4+ 38. Ke1 Ng2+ 39. Kd1 Ne3+ 40. Kc1 Rc2# 0-1

[Event "USA-ch Junior Girls 2019"]
[Site "Saint Louis"]
[Date "2019.07.11"]
[Round "1.3"]
[White "Yip, Carissa"]
[Black "Zilajeva, Veronika"]
[Result "1-0"]
[ECO "C06"]
[WhiteElo "2285"]
[BlackElo "1855"]
[Annotator "ChessBase"]
[PlyCount "103"]
[EventDate "2019.07.09"]
[EventType "tourn"]
[EventCountry "USA"]
[SourceTitle "playchess.com"]
[Source "ChessBase"]
[SourceQuality "1"]
[TimeControl "40/5400+30:1800+30"]

1. e4 e6 2. d4 d5 3. Nd2 Nf6 4. e5 Nfd7 5. Bd3 c5 6. c3 Nc6 7. Ne2 cxd4 8. cxd4 f6 9. exf6 Nxf6 10. O-O Bd6 11. Nf3 O-O 12. Re1 Bd7 13. Bf4 Ne4 14. Bxd6 Nxd6 15. Ng3 Qf6 16. Qc2 g6 17. Rad1 Rac8 18. Qe2 Nf5 19. Nxf5 gxf5 20. Bb5 Qg7 21. Bxc6 bxc6 22. Rc1 Kh8 23. Ne5 Be8 24. f4 Rg8 25. Rc3 Qe7 26. Rec1 Qb7 27. Qf2 Rg7 28. b3 Qb6 29. Rd3 Qa6 30. a4 Qb7 31. Rc5 Qb4 32. Rdc3 Qa3 33. h3 Rb8 34. Qf3 Qb4 35. Qe3 Qa3 36. Kh2 Qb2 37. Qf3 Bh5 38. Qf1 Rxb3 39. Rxb3 Qxb3 40. Rxc6 Re7 41. Qf2 Be8 42. Qh4 Rg7 43. Rc8 Qxa4 44. Qf6 Kg8 45. Qxe6+ Kf8 46. Qxf5+ Kg8 47. Qe6+ Kf8 48. Qd6+ Kg8 49. Qxd5+ Kf8 50. Qd6+ Kg8 51. Ng4 Qb5 52. Nh6+ 1-0

[Event "USA-ch Junior Girls 2019"]
[Site "Saint Louis"]
[Date "2019.07.11"]
[Round "1.4"]
[White "Wu, Rochelle"]
[Black "Nguyen, Emily"]
[Result "1-0"]
[ECO "D10"]
[WhiteElo "2085"]
[BlackElo "2102"]
[Annotator "ChessBase"]
[PlyCount "115"]
[EventDate "2019.07.09"]
[EventType "tourn"]
[EventCountry "USA"]
[SourceTitle "playchess.com"]
[Source "ChessBase"]
[SourceQuality "1"]
[TimeControl "40/5400+30:1800+30"]

1. d4 d5 2. c4 c6 3. Nc3 Nf6 4. cxd5 cxd5 5. Bf4 Qb6 6. Qb3 Qxd4 7. Nb5 Qxf4 8. e3 Qe4 9. Nc7+ Kd8 10. Nxa8 e6 11. a3 Nc6 12. Rc1 Bd6 13. Nf3 Ke7 14. Bd3 Qg4 15. O-O Bd7 16. Qxb7 Rb8 17. Qa6 Rxa8 18. Rxc6 Bxc6 19. Qxc6 Rb8 20. h3 Qh5 21. b4 g5 22. Rc1 g4 23. hxg4 Qxg4 24. Qa6 Rg8 25. Qxa7+ Nd7 26. Ne1 h5 27. Bb5 Rd8 28. Rc8 e5 29. Rxd8 Kxd8 30. Qa8+ Ke7 31. Qxd5 Nf6 32. Qb7+ Kf8 33. Qa8+ Ke7 34. Qb7+ Kf8 35. Qf3 Ne4 36. Qxg4 hxg4 37. Nc2 Ke7 38. Bc6 Nc3 39. Kf1 Kd8 40. Ke1 Kc7 41. Be8 f5 42. Kd2 Ne4+ 43. Ke2 g3 44. f3 Ng5 45. a4 Kb6 46. Bg6 f4 47. exf4 exf4 48. Bd3 Be5 49. Bc4 Kc6 50. Ne1 Bd4 51. Nd3 Be3 52. a5 Nh7 53. b5+ Kb7 54. Bd5+ Kb8 55. b6 Nf8 56. Nb4 Nd7 57. Na6+ Kc8 58. b7+ 1-0

[Event "USA-ch Junior Girls 2019"]
[Site "Saint Louis"]
[Date "2019.07.11"]
[Round "1.5"]
[White "Samadashvili, Martha"]
[Black "Feng, Maggie"]
[Result "1/2-1/2"]
[ECO "C15"]
[WhiteElo "2124"]
[BlackElo "2198"]
[Annotator "ChessBase"]
[PlyCount "136"]
[EventDate "2019.07.09"]
[EventType "tourn"]
[EventCountry "USA"]
[SourceTitle "playchess.com"]
[Source "ChessBase"]
[SourceQuality "1"]
[TimeControl "40/5400+30:1800+30"]

1. e4 e6 2. d4 d5 3. Nc3 Bb4 4. exd5 exd5 5. Bd3 Nc6 6. a3 Bxc3+ 7. bxc3 Nge7 8. Qf3 Be6 9. Rb1 b6 10. Ne2 Qd7 11. O-O O-O-O 12. a4 Bf5 13. Ng3 Bxd3 14. cxd3 f6 15. Ba3 h5 16. Bxe7 Qxe7 17. Nxh5 Qf7 18. Ng3 g6 19. Rfe1 f5 20. Re2 Qh7 21. Nf1 g5 22. Rbe1 f4 23. Re6 Kb7 24. a5 Nxa5 25. R1e5 Qd7 26. Re7 Qd6 27. R7e6 Qd7 28. Re1 Nc6 29. h3 Rdg8 30. Nh2 Re8 31. R6e2 Rxe2 32. Qxe2 Rh7 33. Ng4 Re7 34. Qd1 a5 35. Rxe7 Qxe7 36. Qb3 Qe1+ 37. Kh2 Qe6 38. Kg1 Ka6 39. Kf1 b5 40. Nh2 Qf5 41. Ke2 Qe6+ 42. Kd1 a4 43. Qa3 Na5 44. Nf3 g4 45. hxg4 Qxg4 46. Qc5 Qxg2 47. Ke2 Qg7 48. Ne5 f3+ 49. Nxf3 Qf7 50. Ne5 Qh5+ 51. Ke1 Qh1+ 52. Ke2 Qh5+ 53. Ke3 Qh6+ 54. f4 Qh3+ 55. Nf3 Qe6+ 56. Kf2 Qf7 57. Ke2 Qxf4 58. Qxd5 c6 59. Qc5 Qc7 60. Ne5 Kb7 61. Kd1 Nb3 62. Qb4 Qg7 63. Ke2 Qg2+ 64. Ke3 Qg5+ 65. Kf2 Qf4+ 66. Kg2 Qg5+ 67. Kf2 Qf4+ 68. Kg2 Qg5+ 1/2-1/2

[Event "USA-ch Junior Girls 2019"]
[Site "Saint Louis"]
[Date "2019.07.12"]
[Round "2.1"]
[White "Cervantes Landeiro, Thalia"]
[Black "Feng, Maggie"]
[Result "0-1"]
[ECO "A40"]
[WhiteElo "2147"]
[BlackElo "2198"]
[Annotator "ChessBase"]
[PlyCount "96"]
[EventDate "2019.07.09"]
[EventType "tourn"]
[EventCountry "USA"]
[SourceTitle "playchess.com"]
[Source "ChessBase"]
[SourceQuality "1"]
[TimeControl "40/5400+30:1800+30"]

1. d4 e6 2. c4 f5 3. Nf3 Nf6 4. g3 d5 5. Bg2 c6 6. O-O Bd6 7. b3 Qe7 8. Bb2 b6 9. Qc1 Bb7 10. Ba3 Nbd7 11. Bxd6 Qxd6 12. Qb2 O-O 13. Rd1 Ne4 14. Nbd2 Qe7 15. Ne5 Nxe5 16. dxe5 c5 17. Qc2 Rad8 18. cxd5 exd5 19. f4 g5 20. e3 g4 21. Nxe4 fxe4 22. Qe2 Qe6 23. Rd2 Rd7 24. Rf1 Qf5 25. Rfd1 Rfd8 26. b4 d4 27. exd4 cxd4 28. Qc4+ Bd5 29. Qc2 d3 30. Qc3 Bf7 31. Re1 Rd4 32. Qc7 Rc8 33. Qxa7 Rxb4 34. Qe7 Rbc4 35. Qa3 Bg6 36. Qb3 Kh8 37. Qxb6 Qd7 38. Qf6+ Kg8 39. e6 Qa7+ 40. Kh1 Rc1 41. Rdd1 d2 42. Rf1 Rxd1 43. Rxd1 Qg7 44. Qg5 e3 45. Qb5 Bc2 46. Qa6 Rc7 47. Bd5 Qe7 48. Qa8+ Kg7 0-1

[Event "USA-ch Junior Girls 2019"]
[Site "Saint Louis"]
[Date "2019.07.12"]
[Round "2.2"]
[White "Nguyen, Emily"]
[Black "Samadashvili, Martha"]
[Result "1-0"]
[ECO "D38"]
[WhiteElo "2102"]
[BlackElo "2124"]
[Annotator "NA"]
[PlyCount "95"]
[EventDate "2019.07.09"]
[EventType "tourn"]
[EventCountry "USA"]
[SourceTitle "playchess.com"]
[Source "ChessBase"]
[SourceQuality "1"]
[TimeControl "40/5400+30:1800+30"]

1. d4 Nf6 2. Nf3 d5 3. c4 e6 4. Nc3 Bb4 5. cxd5 exd5 6. Bf4 O-O 7. Rc1 c6 8. e3 Re8 9. h3 Bf5 10. Be2 h6 11. O-O Bf8 12. Qa4 Nbd7 13. b4 a5 14. b5 c5 15. dxc5 Nxc5 16. Qd1 Rc8 17. Na4 Nfe4 18. Nd4 Bd7 19. Nxc5 Bxc5 20. Nb3 Ba3 21. Rxc8 Bxc8 22. Qd4 Be6 23. Bf3 Qa8 24. Nd2 Nxd2 25. Qxd2 b6 26. Rd1 Rc8 27. Qd3 Bb4 28. a4 Qb7 29. Be5 Rd8 30. e4 d4 31. Bxd4 Bc5 32. Qc3 Bxd4 33. Rxd4 Rc8 34. Qd2 Qc7 35. Rd6 Qc5 36. e5 Qxe5 37. Rxb6 Qa1+ 38. Kh2 Qxa4 39. Bc6 Qc4 40. Ra6 a4 41. Qd6 $16 Kh7 42. Bb7 Rc5 43. Be4+ Bf5 44. Rc6 Rxc6 45. Bxf5+ g6 46. Bxg6+ fxg6 47. bxc6 a3 48. c7 1-0

[Event "USA-ch Junior Girls 2019"]
[Site "Saint Louis"]
[Date "2019.07.12"]
[Round "2.3"]
[White "Zilajeva, Veronika"]
[Black "Wu, Rochelle"]
[Result "0-1"]
[ECO "A50"]
[WhiteElo "1855"]
[BlackElo "2085"]
[Annotator "NA RC"]
[PlyCount "86"]
[EventDate "2019.07.09"]
[EventType "tourn"]
[EventCountry "USA"]
[SourceTitle "playchess.com"]
[Source "ChessBase"]
[SourceQuality "1"]
[TimeControl "40/5400+30:1800+30"]

1. d4 Nf6 2. c4 b6 3. Nc3 Bb7 4. e3 e6 5. Nf3 Bb4 6. Bd3 Ne4 7. Qc2 f5 8. Bd2 Bxc3 9. Bxc3 O-O 10. O-O-O Qe7 11. Ne1 d5 12. f3 Nf6 13. h3 dxc4 14. Bxc4 Bd5 15. Qb3 c5 16. Nc2 Nbd7 17. e4 fxe4 18. fxe4 Nxe4 19. Bxd5 Qg5+ 20. Kb1 Qxd5 21. Rhe1 c4 22. Qa4 Nxc3+ 23. bxc3 b5 24. Qa3 a5 25. Qe7 Rfe8 26. Qh4 b4 27. Qe4 Qb5 28. Ka1 Qa4 29. Ne3 b3 30. Rd2 Rab8 31. Ng4 Qa3 32. Qe3 Nb6 33. Nh6+ gxh6 34. Qg3+ Kf7 35. Rf2+ Ke7 36. Qc7+ Nd7 37. d5 Rb6 38. Ref1 Rf8 39. Rf7+ Rxf7 40. Rxf7+ Kxf7 41. Qxd7+ Kf6 42. Qd8+ Kf5 43. g4+ Ke4 0-1

[Event "USA-ch Junior Girls 2019"]
[Site "Saint Louis"]
[Date "2019.07.12"]
[Round "2.4"]
[White "Bykovtsev, Agata"]
[Black "Yip, Carissa"]
[Result "0-1"]
[ECO "B30"]
[WhiteElo "2012"]
[BlackElo "2285"]
[Annotator "ChessBase"]
[PlyCount "100"]
[EventDate "2019.07.09"]
[EventType "tourn"]
[EventCountry "USA"]
[SourceTitle "playchess.com"]
[Source "ChessBase"]
[SourceQuality "1"]
[TimeControl "40/5400+30:1800+30"]

1. e4 c5 2. Nf3 Nc6 3. Nc3 g6 4. Bc4 Bg7 5. O-O e6 6. d4 Nxd4 7. Nxd4 cxd4 8. Nb5 Qb6 9. c3 Ne7 10. Nxd4 a6 11. Bb3 O-O 12. Be3 Qc7 13. f4 Nc6 14. f5 Na5 15. f6 Bh8 16. Bh6 Rd8 17. Qf3 Nxb3 18. Nxb3 d6 19. Rad1 e5 20. Nd2 Be6 21. b3 d5 22. exd5 Rxd5 23. Ne4 Rad8 24. c4 Rxd1 25. Rxd1 Bf5 26. Rf1 Qb6+ 27. Be3 Qc6 28. Ng3 Qxf3 29. Rxf3 Rd1+ 30. Nf1 Bd3 31. Bg5 e4 32. Rf2 Re1 33. Bd2 Rxf1+ 34. Rxf1 Bxf1 35. Kxf1 Bxf6 36. Bf4 Bd4 37. b4 f5 38. Ke2 Kf7 39. Kd2 Ke6 40. h3 Be5 41. Bh6 f4 42. Ke2 Kf5 43. a4 Bd6 44. c5 Be7 45. Bg7 Ke6 46. a5 Kd5 47. Bc3 Kc4 48. Be1 g5 49. g3 Bf6 50. h4 Bd4 0-1

[Event "USA-ch Junior Girls 2019"]
[Site "Saint Louis"]
[Date "2019.07.12"]
[Round "2.5"]
[White "Yan, Ruiyang"]
[Black "Li, Rachael"]
[Result "1-0"]
[ECO "C42"]
[WhiteElo "1851"]
[BlackElo "1736"]
[Annotator "NA RC"]
[PlyCount "131"]
[EventDate "2019.07.09"]
[EventType "tourn"]
[EventCountry "USA"]
[SourceTitle "playchess.com"]
[Source "ChessBase"]
[SourceQuality "1"]
[TimeControl "40/5400+30:1800+30"]

1. e4 e5 2. Nf3 Nf6 3. Nxe5 d6 4. Nf3 Nxe4 5. Nc3 Nxc3 6. dxc3 Be7 7. Be3 Nc6 8. Bd3 Be6 9. Qe2 Qd7 10. O-O-O a6 11. Kb1 O-O-O 12. h3 Kb8 13. Rhe1 Bf6 14. Nd4 Nxd4 15. cxd4 d5 16. Qf3 Qa4 17. c3 Rd6 18. Bc2 Qb5 19. Qe2 Qxe2 20. Rxe2 Rd7 21. Rde1 Re7 22. Bf4 Rhe8 23. Kc1 h6 24. Be5 Bd7 25. Bd3 Bxe5 26. dxe5 c5 27. f4 h5 28. Kd2 Kc7 29. b4 b6 30. f5 d4 31. cxd4 cxd4 32. h4 Bc6 33. f6 gxf6 34. exf6 Rxe2+ 35. Rxe2 Rxe2+ 36. Bxe2 Bxg2 37. Bxh5 Kd6 38. Bxf7 Ke5 39. Bc4 Kxf6 40. Bxa6 Kg6 41. Be2 Bc6 42. Bd1 Kf5 43. a4 Bb7 44. h5 Bc6 45. a5 bxa5 46. bxa5 Bb7 47. Kd3 Ke5 48. h6 Bc6 49. Kc4 Kf6 50. Kxd4 Bb7 51. Bc2 Bc8 52. Kc5 Ba6 53. Kb6 Bc8 54. Bd3 Kf7 55. Kc7 Bh3 56. a6 Bg2 57. a7 Kg8 58. Bb5 Kh7 59. Bc6 Bh3 60. a8=Q Kg6 61. Be4+ Kh5 62. h7 Kg5 63. h8=Q Be6 64. Qe5+ Kg4 65. Bf3+ Kh3 66. Qah8# 1-0

[Event "USA-ch Junior Girls 2019"]
[Site "Saint Louis"]
[Date "2019.07.13"]
[Round "3.2"]
[White "Yip, Carissa"]
[Black "Yan, Ruiyang"]
[Result "1/2-1/2"]
[ECO "B90"]
[WhiteElo "2285"]
[BlackElo "1851"]
[Annotator "ChessBase"]
[PlyCount "101"]
[EventDate "2019.07.09"]
[EventType "tourn"]
[EventCountry "USA"]
[SourceTitle "playchess.com"]
[Source "ChessBase"]
[SourceQuality "1"]
[TimeControl "40/5400+30:1800+30"]

1. e4 c5 2. Nf3 d6 3. d4 cxd4 4. Nxd4 Nf6 5. Nc3 a6 6. Be3 e5 7. Nf3 Be7 8. Bc4 O-O 9. O-O Nbd7 10. a4 b6 11. Nd2 Bb7 12. f3 Qb8 13. Qe2 Rc8 14. Rfd1 Nc5 15. Kh1 Qc7 16. Qf2 Rd8 17. b4 Ncd7 18. Rab1 Rdc8 19. Rb3 Bc6 20. Rc1 a5 21. bxa5 Rxa5 22. Bxb6 Nxb6 23. Qxb6 Qxb6 24. Rxb6 Bxa4 25. Rb7 Kf8 26. Ra1 Bc6 27. Rxa5 Bxb7 28. Ra7 Bc6 29. Bb3 Ra8 30. Rxa8+ Bxa8 31. Nc4 Bc6 32. Kg1 Nd7 33. Na5 Nb8 34. Bd5 Bxd5 35. Nxd5 Ke8 36. Kf2 Kd7 37. Ke2 Bd8 38. Nc4 Nc6 39. c3 Ke6 40. Kd3 f5 41. Nce3 f4 42. Nc2 Na5 43. Na3 Kd7 44. Nc4 Nb3 45. Nb2 Na5 46. Nd1 Ke6 47. Nf2 Bh4 48. Nh1 Bd8 49. g3 g5 50. Nf2 h5 51. g4 1/2-1/2

[Event "USA-ch Junior Girls 2019"]
[Site "Saint Louis"]
[Date "2019.07.13"]
[Round "3.3"]
[White "Wu, Rochelle"]
[Black "Bykovtsev, Agata"]
[Result "1-0"]
[ECO "B90"]
[WhiteElo "2085"]
[BlackElo "2012"]
[Annotator "NA"]
[PlyCount "61"]
[EventDate "2019.07.09"]
[EventType "tourn"]
[EventCountry "USA"]
[SourceTitle "playchess.com"]
[Source "ChessBase"]
[SourceQuality "1"]
[TimeControl "40/5400+30:1800+30"]

1. e4 c5 2. Nf3 d6 3. d4 cxd4 4. Nxd4 Nf6 5. Nc3 a6 6. h3 e6 7. g4 Be7 8. g5 Nfd7 9. Be3 Nc6 10. h4 Nxd4 11. Qxd4 O-O 12. Qd2 b5 13. a3 Ne5 14. O-O-O Rb8 15. f4 Nc4 16. Qe1 Nxe3 17. Qxe3 b4 18. axb4 Rxb4 19. Bd3 Bb7 20. f5 exf5 21. exf5 Bxh1 22. Rxh1 Re8 23. Nd5 Rxh4 24. Rg1 Ra4 25. Kd2 Bf8 26. Nf6+ gxf6 27. gxf6+ Kh8 28. Qg5 Qa5+ 29. c3 Re2+ 30. Bxe2 Rd4+ 31. Kc2 1-0

[Event "USA-ch Junior Girls 2019"]
[Site "Saint Louis"]
[Date "2019.07.13"]
[Round "3.4"]
[White "Samadashvili, Martha"]
[Black "Zilajeva, Veronika"]
[Result "1-0"]
[ECO "C11"]
[WhiteElo "2124"]
[BlackElo "1855"]
[Annotator "ChessBase"]
[PlyCount "79"]
[EventDate "2019.07.09"]
[EventType "tourn"]
[EventCountry "USA"]
[SourceTitle "playchess.com"]
[Source "ChessBase"]
[SourceQuality "1"]
[TimeControl "40/5400+30:1800+30"]

1. e4 e6 2. d4 d5 3. Nc3 Nf6 4. e5 Nfd7 5. Nce2 c5 6. c3 Nc6 7. a3 Qb6 8. b4 cxd4 9. cxd4 f6 10. f4 Be7 11. Nf3 O-O 12. Nc3 fxe5 13. Na4 Qc7 14. dxe5 Ndxe5 15. Be2 Nxf3+ 16. Bxf3 Bf6 17. Rb1 Nd4 18. O-O Bd7 19. Nc5 b6 20. Nxd7 Nxf3+ 21. Rxf3 Qxd7 22. Rd3 Rad8 23. Be3 g6 24. Bd4 Qf7 25. Qd2 Rc8 26. Re1 Rc4 27. g3 Rfc8 28. Qe3 Bxd4 29. Rxd4 Rxd4 30. Qxd4 Qf5 31. Qd1 Kf7 32. Qa4 Rc7 33. Qd1 Qc2 34. Qg4 Rc6 35. Qh4 h5 36. Qd8 Rc7 37. Qh8 Rc8 38. Qh7+ Kf6 39. f5 Kxf5 40. Qf7+ 1-0

[Event "USA-ch Junior Girls 2019"]
[Site "Saint Louis"]
[Date "2019.07.14"]
[Round "4.4"]
[White "Yan, Ruiyang"]
[Black "Wu, Rochelle"]
[Result "0-1"]
[ECO "B92"]
[WhiteElo "1851"]
[BlackElo "2085"]
[Annotator "NA RC"]
[PlyCount "74"]
[EventDate "2019.07.09"]
[EventType "tourn"]
[EventCountry "USA"]
[SourceTitle "playchess.com"]
[Source "ChessBase"]
[SourceQuality "1"]
[TimeControl "40/5400+30:1800+30"]

1. e4 c5 2. Nf3 d6 3. d4 cxd4 4. Nxd4 Nf6 5. Nc3 a6 6. Be2 e5 7. Nf3 Be7 8. Bg5 Be6 {[%emt 0:00:55] B92: Sicilian Najdorf: 6 Be2} 9. O-O (9. Bxf6 Bxf6 10. O-O O-O 11. Qd2 Be7 12. Nd5 Nd7 13. Nxe7+ Qxe7 14. Rfd1 Rac8 15. c3 Rc6 16. Ng5 Nf6 17. Nxe6 fxe6 18. Qe3 Qc7 {½-½ (45) Harikrishna,P (2730)-Shankland,S (2731) Prague 2019}) 9... Nbd7 10. Bxf6 Nxf6 11. Ng5 O-O 12. Nxe6 fxe6 13. Bc4 Qc8 14. Bb3 Kh8 $146 ({Predecessor:} 14... b5 15. a3 Kh8 16. Qe2 {½-½ (16) Grus,J (1850)-Smetak,V (1985) Klatovy 2000}) 15. a4 Rd8 16. Qe2 Qd7 17. a5 Bf8 18. Na4 Qf7 19. Nb6 Rab8 $16 20. Rfd1 g6 21. f3 Bh6 22. Kh1 Nh5 23. Nc4 Qe7 24. g3 Bg7 25. Nb6 Rf8 26. Rd3 Rbd8 27. Rad1 Qg5 28. Qd2 Qf6 29. Qe3 Qe7 30. Nc4 d5 31. exd5 exd5 32. Rxd5 Rxd5 33. Rxd5 Nf6 34. Rxe5 Qd7 35. Nb6 Qd1+ 36. Kg2 Ng4 37. Qe2 Bxe5 0-1

[Event "USA-ch Junior Girls 2019"]
[Site "Saint Louis"]
[Date "2019.07.15"]
[Round "5.2"]
[White "Wu, Rochelle"]
[Black "Li, Rachael"]
[Result "1/2-1/2"]
[ECO "E81"]
[WhiteElo "2085"]
[BlackElo "1736"]
[Annotator "NA RC"]
[PlyCount "68"]
[EventDate "2019.07.09"]
[EventType "tourn"]
[EventCountry "USA"]
[SourceTitle "playchess.com"]
[Source "ChessBase"]
[SourceQuality "1"]
[TimeControl "40/5400+30:1800+30"]

1. d4 Nf6 2. c4 g6 3. f3 Bg7 4. e4 d6 5. Nc3 O-O 6. Be3 c5 7. Nge2 Nbd7 8. d5 Ne5 9. Ng3 e6 10. a4 exd5 11. cxd5 a6 12. Be2 Bd7 13. h3 b5 14. f4 Nc4 15. Bxc4 bxc4 16. O-O Qe7 17. Qe2 Rfb8 18. Rae1 h5 19. Bc1 h4 20. Nh1 Nh5 21. e5 Bf5 22. Rf3 Re8 23. Nf2 dxe5 24. fxe5 Bxe5 25. Rxf5 gxf5 26. Qxh5 Bh2+ 27. Kxh2 Qd6+ 28. Re5 Qxe5+ 29. Kh1 Qe1+ 30. Kh2 Qe5+ 31. Kh1 Qe1+ 32. Kh2 Qxc1 33. Qxf5 Qe3 34. Nfe4 Kf8 1/2-1/2

[Event "USA-ch Junior Girls 2019"]
[Site "Saint Louis"]
[Date "2019.07.15"]
[Round "5.4"]
[White "Feng, Maggie"]
[Black "Bykovtsev, Agata"]
[Result "1/2-1/2"]
[ECO "A01"]
[WhiteElo "2198"]
[BlackElo "2012"]
[Annotator "NA RC"]
[PlyCount "83"]
[EventDate "2019.07.09"]
[EventType "tourn"]
[EventCountry "USA"]
[SourceTitle "playchess.com"]
[Source "ChessBase"]
[SourceQuality "1"]
[TimeControl "40/5400+30:1800+30"]

1. b3 Nf6 2. Bb2 d6 3. g3 g6 4. Bg2 Bg7 5. e4 O-O 6. Ne2 c5 7. O-O Nc6 8. h3 {[%emt 0:09:44] A01: Nimzowitsch-Larsen Opening} (8. d3 Bd7 9. Nd2 Qc8 10. Nf4 Re8 11. Rb1 Bg4 12. f3 Bd7 13. Nc4 b5 14. Ne3 b4 15. Ne2 a5 {½-½ (30) Wang,C (2529)-Zhao,J (2621) Zaozhuang 2015}) 8... Rb8 9. f4 $146 ({Predecessor:} 9. a4 a6 10. f4 Bd7 11. d3 b5 12. Qc1 Nb4 13. axb5 axb5 14. Nd2 Qb6 15. Kh2 Bc6 {0-1 (53) Domingo Nunez,R (2283)-Bernal Moro,L (2413) Linares 2017}) 9... e5 10. Nbc3 b5 11. d3 Re8 12. a4 b4 13. Nb1 Nd4 14. Bxd4 exd4 15. g4 Bxg4 16. hxg4 Nxg4 17. Rf3 Qh4 18. Bh3 Ne3 19. Qc1 g5 20. fxg5 Re5 21. Nd2 Rxg5+ 22. Kh1 Kh8 23. Qe1 Qh6 (23... Qh5 $19 {has better winning chances.} 24. Qf2 (24. Nf4 $2 Qh6 $19) 24... Rg2) 24. Qf2 Nxc2 25. Rg1 Rg8 (25... Rxg1+ $16 26. Nxg1 Ne3) 26. Rxg5 Qxg5 27. Nc4 Be5 28. Nxe5 dxe5 29. Rxf7 Ne3 30. Qf6+ Qxf6 31. Rxf6 c4 $1 32. Nc1 ({Wrong is} 32. dxc4 $2 d3 $19) (32. bxc4 $2 b3 $19) 32... c3 33. Be6 Rg6 34. Rxg6 hxg6 35. Kh2 Kg7 36. Kg3 Kf6 37. Bh3 Kg5 38. Be6 Kh5 39. Bh3 Kg5 40. Be6 Nd1 41. Bh3 Ne3 42. Be6 $11 1/2-1/2

[Event "USA-ch Junior Girls 2019"]
[Site "Saint Louis"]
[Date "2019.07.17"]
[Round "6.2"]
[White "Bykovtsev, Agata"]
[Black "Nguyen, Emily"]
[Result "0-1"]
[ECO "B86"]
[WhiteElo "2012"]
[BlackElo "2102"]
[Annotator "NA"]
[PlyCount "76"]
[EventDate "2019.07.09"]
[EventType "tourn"]
[EventCountry "USA"]
[SourceTitle "playchess.com"]
[Source "ChessBase"]
[SourceQuality "1"]
[TimeControl "40/5400+30:1800+30"]

1. e4 c5 2. Nf3 e6 3. d4 cxd4 4. Nxd4 Nf6 5. Nc3 d6 6. Bc4 Be7 7. O-O O-O 8. Bb3 Na6 9. f4 Nc5 10. Qf3 a6 11. f5 Bd7 12. Be3 b5 13. a3 e5 14. Nde2 Nxb3 15. cxb3 Bc6 16. Rad1 Qb8 17. b4 Qb7 18. Nd5 Bxd5 19. exd5 Rac8 20. Nc3 Rc4 21. h3 h6 22. g4 Nd7 23. Rf2 Re8 24. Rg2 e4 25. Qg3 Ne5 26. Kh1 Bd8 27. g5 h5 28. Bf4 Qc8 29. f6 g6 30. Re2 Qf5 31. Bxe5 Rxe5 32. b3 h4 33. Qe3 Bb6 34. Qxb6 Qxh3+ 35. Rh2 Qf3+ 36. Rg2 h3 37. Rdd2 hxg2+ 38. Rxg2 Rxg5 0-1

[Event "USA-ch Junior Girls 2019"]
[Site "Saint Louis"]
[Date "2019.07.17"]
[Round "6.3"]
[White "Yan, Ruiyang"]
[Black "Feng, Maggie"]
[Result "1-0"]
[ECO "C18"]
[WhiteElo "1851"]
[BlackElo "2198"]
[Annotator "NA"]
[PlyCount "69"]
[EventDate "2019.07.09"]
[EventType "tourn"]
[EventCountry "USA"]
[SourceTitle "playchess.com"]
[Source "ChessBase"]
[SourceQuality "1"]
[TimeControl "40/5400+30:1800+30"]

1. e4 e6 2. d4 d5 3. Nc3 Bb4 4. e5 Ne7 5. a3 Bxc3+ 6. bxc3 c5 7. Qg4 O-O 8. Bd3 Nbc6 9. Qh5 Ng6 10. Nf3 Qc7 11. Be3 c4 12. Bxg6 fxg6 13. Qg4 Qf7 14. Ng5 Qe8 15. h4 h6 16. Nh3 b5 17. Qe2 a5 18. g4 Bd7 19. h5 gxh5 20. g5 hxg5 21. Nxg5 g6 22. Kd2 b4 23. Rag1 bxc3+ 24. Kxc3 Qe7 25. Ne4 Qxa3+ 26. Kd2 Qb4+ 27. Nc3 Kf7 28. Rxg6 Ke8 29. Rg7 Nd8 30. Rb1 Qa3 31. Qxh5+ Nf7 32. Bg5 Bc6 33. Qg6 Bd7 34. Nb5 c3+ 35. Kd1 1-0

[Event "USA-ch Junior Girls 2019"]
[Site "Saint Louis"]
[Date "2019.07.17"]
[Round "6.5"]
[White "Yip, Carissa"]
[Black "Wu, Rochelle"]
[Result "1-0"]
[ECO "B34"]
[WhiteElo "2285"]
[BlackElo "2085"]
[Annotator "NA"]
[PlyCount "69"]
[EventDate "2019.07.09"]
[EventType "tourn"]
[EventCountry "USA"]
[SourceTitle "playchess.com"]
[Source "ChessBase"]
[SourceQuality "1"]
[TimeControl "40/5400+30:1800+30"]

1. e4 c5 2. Nf3 Nc6 3. d4 cxd4 4. Nxd4 Nf6 5. Nc3 e5 6. Ndb5 d6 7. Nd5 Nxd5 8. exd5 Ne7 9. c4 Nf5 10. Bd3 g6 11. O-O a6 12. Bg5 Be7 13. Bxe7 Qxe7 14. Nc3 O-O 15. Re1 Qc7 16. Rc1 Nd4 17. b4 b6 18. Qd2 Bf5 19. Bxf5 Nxf5 20. Ne4 Nd4 21. c5 dxc5 22. bxc5 bxc5 23. d6 Qb6 24. Qg5 f5 25. Nf6+ Kg7 26. Nh5+ Kh8 27. Qe7 gxh5 28. Qxe5+ Kg8 29. Qg3+ Kh8 30. Qe5+ Kg8 31. Qg3+ Kh8 32. Re7 Nf3+ 33. Qxf3 Qxd6 34. Rce1 h4 35. R1e6 1-0

[Event "USA-ch Junior Girls 2019"]
[Site "Saint Louis"]
[Date "2019.07.18"]
[Round "7.5"]
[White "Zilajeva, Veronika"]
[Black "Bykovtsev, Agata"]
[Result "0-1"]
[ECO "E76"]
[WhiteElo "1855"]
[BlackElo "2012"]
[Annotator "NA RC"]
[PlyCount "84"]
[EventDate "2019.07.09"]
[EventType "tourn"]
[EventCountry "USA"]
[SourceTitle "playchess.com"]
[Source "ChessBase"]
[SourceQuality "1"]
[TimeControl "40/5400+30:1800+30"]

1. d4 Nf6 2. c4 g6 3. Nc3 Bg7 4. e4 d6 5. f4 O-O 6. Bd3 c5 7. d5 e6 8. dxe6 fxe6 9. Nf3 Nc6 10. O-O Nd4 11. Nxd4 cxd4 12. Nb5 e5 13. fxe5 dxe5 14. c5 Be6 15. Bg5 h6 16. Bd2 Qd7 17. Nd6 Nh5 18. b4 Kh7 $11 19. b5 Nf4 20. Bxf4 exf4 21. Qd2 Be5 22. Qb4 f3 23. Rxf3 Rxf3 24. gxf3 Rf8 25. Rf1 Bh3 26. Rf2 Qe7 27. Kh1 Qh4 28. Qd2 Bf4 29. Qe2 Be3 30. Rg2 Bxg2+ 31. Qxg2 Qe1+ 32. Bf1 d3 33. Nc4 d2 34. Nxe3 Qxe3 35. Be2 Qxc5 36. Qf1 Rc8 37. Bd1 Qe3 38. Kg2 Rc1 39. a4 h5 40. Kh3 Kh6 41. Kg2 Rxd1 42. Qxd1 Qe1 0-1